 Dungeon Sprint DCSS version 0.17-a0-1805-g6093636 (webtiles) character file.

1675 Kidiri the Protected (level 9, 0/60 HPs)
             Began as a Gargoyle Berserker on Sept 12, 2015.
             Was a Priest of Trog.
             Shot with an arrow by a centaur (5 damage)
             ... in the Dungeon (Sprint III: "The Ten Rune Challenge").
             The game lasted 00:09:37 (1453 turns).

Kidiri the Protected (Gargoyle Berserker)           Turns: 1453, Time: 00:09:37

Health: 0/60       AC: 12    Str: 22    XL:     9   Next: 1%
Magic:  9/9        EV: 15    Int:  8    God:    Trog [***...]
Gold:   27         SH:  0    Dex: 11    Spells: 0 memorised, 8 levels left

rFire  . . .     SeeInvis .     a - +0 mace
rCold  . . .     Clarity  .     d - +2 robe {Archmagi}
rNeg   + . .     SustAt   .     (no shield)
rPois  ∞         Gourm    .     (no helmet)
rElec  +         Spirit   .     m - +0 cloak (curse)
rCorr  .         Warding  .     (no gloves)
rMut   .         NoTele   +     (no boots)
MR     .....                    (no amulet)
Stlth  +.........               (no ring)
                                (no ring)

@: exhausted, slowed, very slow, not resistant to hostile enchantments, very
unstealthy
A: negative energy resistance 1, electricity resistance, unbreathing,
petrification resistance, rot immunity, AC +5
a: Burn Spellbooks, Berserk, Trog's Hand, Renounce Religion


You were in the Dungeon.
You worshipped Trog.
Trog was most pleased with you.
You were not hungry.

You visited 1 branch You collected 27 gold pieces.

Inventory:

Hand weapons
 a - a +0 mace (weapon)
Missiles
 c - 5 javelins of penetration
 y - 3 javelins of returning (quivered)
Armour
 d - a +2 robe of the Archmagi (worn)
 m - a cursed +0 cloak (worn)
Magical devices
 k - a wand of fireball (9)
Scrolls
 i - a scroll of blinking
 o - 4 scrolls of torment {unknown}
 q - a scroll of remove curse {unknown}
 u - a scroll of random uselessness {unknown}
Potions
 e - a potion of heal wounds
 f - a potion of haste
 g - 2 potions of magic
 h - a potion of berserk rage
 t - 2 potions of brilliance {unknown}
 w - a potion of cure mutation
 x - a potion of flight


   Skills:
 + Level 9.1 Fighting
 * Level 11.1 Maces & Flails
 + Level 6.0 Throwing
 * Level 11.7 Armour
 + Level 6.7 Dodging


You had 8 spell levels left.
You didn't know any spells.

Dungeon Overview and Level Annotations

Branches:
Dungeon (1/1)

Altars:
Cheibriados
Dithmenos
Elyvilon
Fedhas
Gozag
Kikubaaqudgha
Makhleb
Nemelex Xobeh
Okawaru
Qazlal
Ru
Sif Muna
Trog
Vehumet
Xom
Yredelemnul
Zin
The Shining One
Jiyva
Lugonu


Innate Abilities, Weirdness & Mutations

You are resistant to torment.
Your stone body is resilient (AC +5).
You are immune to poison.
You resist negative energy.
You are resistant to electric shocks.
You can survive without breathing.
You are immune to petrification.
You are immune to rotting.


Message History

The centaur warrior hits you but does no damage.
The centaur closely misses you. The centaur barely misses you.
The centaur completely misses you. The centaur warrior hits you!
The centaur hits you but does no damage.
You hit the centaur warrior.
The centaur warrior is severely wounded.
The centaur warrior hits you!
* * * LOW HITPOINT WARNING * * *
The centaur closely misses you. The centaur completely misses you.
The centaur completely misses you. The centaur warrior closely misses you.
The centaur misses you.
The centaur warrior wields a shortbow.
The centaur warrior shoots an arrow.
The arrow hits you!
* * * LOW HITPOINT WARNING * * *
The centaur completely misses you. The centaur closely misses you.
There is an open door here.
You see here an arrow.
Unknown command.
The centaur wields a shortbow.
The centaur shoots an arrow.
The arrow hits you.
You die...

#__[#__# #..)#[_#
#+###+## .......#
.......# ######'#
#__#...#+#############
#__#...#.)≈≈§§.#.(cc.+
#__#...#.#§§§#.#@#.c.#
#__#...'.#§§§#.#.#...#
#_.+...#.#..§#...#...#
▓▓▓▓▓▓▓▓▓▓▓▓▓▓▓▓▓▓▓▓▓#


You could see 2 centaurs.

Vanquished Creatures
  A shadow (D)
  A spatial vortex (D)
  A necrophage (D)
  An earth elemental (D)
  A water elemental (D)
  A jelly (D)
  A wizard (D)
  Crazy Yiuf (D)
  Jessica (D)
  A necromancer (D)
  A kobold demonologist (D)
  3 humans (D)
  An ooze (D)
  A rat (D)
16 creatures vanquished.

Vanquished Creatures (collateral kills)
  Erica (D)
  A deep elf priest (D)
2 creatures vanquished.

Vanquished Creatures (others)
  2 draconian scorchers (D)
  2 yaktaurs (D)
4 creatures vanquished.

Grand Total: 22 creatures vanquished

Notes
Turn   | Place    | Note
--------------------------------------------------------------
     0 | D        | Kidiri the Gargoyle Berserker began the quest for the Orb.
     0 | D        | Reached XP level 1. HP: 14/14 MP: 1/1
    92 | D        | Noticed Jessica
    99 | D        | Killed a yaktaur
   104 | D        | Killed Jessica
   104 | D        | Acquired Trog's second power
   104 | D        | Reached skill level 4 in Fighting
   104 | D        | Reached XP level 2. HP: 5/20 MP: 2/2
   104 | D        | Reached XP level 3. HP: 6/24 MP: 3/3
   154 | D        | Killed a white draconian scorcher
   171 | D        | Killed a white draconian scorcher
   486 | D        | Noticed Crazy Yiuf
   491 | D        | Killed Crazy Yiuf
   491 | D        | Reached skill level 5 in Fighting
   491 | D        | Reached skill level 5 in Maces & Flails
   491 | D        | Reached skill level 5 in Armour
   491 | D        | Reached XP level 4. HP: 31/31 MP: 4/4
   518 | D        | Gained mutation: You possess an exceptional clarity of mind. [potion of mutation]
   518 | D        | Gained mutation: Scrolls take you a little longer to read. [potion of mutation]
   518 | D        | Gained mutation: You are robust (+10% HP). [potion of mutation]
   519 | D        | Gained mutation: You are weak. (Str -2) [potion of mutation]
   519 | D        | Gained mutation: You can translocate small distances at will. [potion of mutation]
   520 | D        | Lost mutation: You are robust (+10% HP). [potion of cure mutation]
   520 | D        | Lost mutation: You possess an exceptional clarity of mind. [potion of cure mutation]
   520 | D        | Lost mutation: You can translocate small distances at will. [potion of cure mutation]
   520 | D        | Lost mutation: Scrolls take you a little longer to read. [potion of cure mutation]
   520 | D        | Lost mutation: You are weak. (Str -2) [potion of cure mutation]
   557 | D        | Noticed a water elemental
   564 | D        | Killed a water elemental
   564 | D        | Reached skill level 6 in Maces & Flails
   564 | D        | Reached XP level 5. HP: 35/35 MP: 5/5
   701 | D        | Found a radiant altar of Vehumet.
   701 | D        | Found a deep blue altar of Sif Muna.
   701 | D        | Found an ancient bone altar of Kikubaaqudgha.
   701 | D        | Noticed a wizard
   703 | D        | Paralysed by a wizard for 6 turns
   710 | D        | Killed a wizard
   710 | D        | Reached skill level 7 in Armour
   760 | D        | Acquired Trog's third power
   760 | D        | Received a gift from Trog
   776 | D        | Found a glowing silver altar of Zin.
   777 | D        | Found a glowing golden altar of the Shining One.
   777 | D        | Found a white marble altar of Elyvilon.
   777 | D        | Noticed a deep elf priest
   781 | D        | Killed a deep elf priest
   781 | D        | Reached skill level 8 in Maces & Flails
   781 | D        | Reached XP level 6. HP: 32/42 MP: 6/6
   857 | D        | Found an iron altar of Okawaru.
   858 | D        | Found a bloodstained altar of Trog.
   858 | D        | Noticed a human
   858 | D        | Noticed a human
   876 | D        | Killed a human
   876 | D        | Reached skill level 9 in Armour
   876 | D        | Reached skill level 5 in Dodging
   876 | D        | Reached XP level 7. HP: 48/48 MP: 7/7
   883 | D        | Killed a human
   944 | D        | Found a snail-covered altar of Cheibriados.
   944 | D        | Noticed a necrophage
   948 | D        | Noticed a necromancer
   950 | D        | Killed a necrophage
   950 | D        | Reached skill level 10 in Armour
   953 | D        | Killed a necromancer
   954 | D        | Found a basalt altar of Yredelemnul.
   954 | D        | Found a blossoming altar of Fedhas.
  1005 | D        | Noticed a jelly
  1006 | D        | Noticed a shadow
  1009 | D        | Killed a jelly
  1015 | D        | Killed a shadow
  1015 | D        | Reached skill level 10 in Maces & Flails
  1015 | D        | Reached XP level 8. HP: 54/54 MP: 8/8
  1179 | D        | Found a stormy altar of Qazlal.
  1179 | D        | Found a sacrificial altar of Ru.
  1179 | D        | Found a burning altar of Makhleb.
  1179 | D        | Found a shimmering altar of Xom.
  1180 | D        | Found a viscous altar of Jiyva.
  1180 | D        | Found a shadowy altar of Dithmenos.
  1180 | D        | Found a sparkling altar of Nemelex Xobeh.
  1180 | D        | Found a corrupted altar of Lugonu.
  1180 | D        | Found an opulent altar of Gozag.
  1180 | D        | Noticed a spatial vortex
  1188 | D        | Killed a spatial vortex
  1188 | D        | Reached skill level 5 in Throwing
  1239 | D        | Noticed Erica
  1266 | D        | Killed Erica
  1266 | D        | Received a gift from Trog
  1266 | D        | Reached skill level 11 in Maces & Flails
  1280 | D        | Killed a yaktaur
  1415 | D        | Noticed an earth elemental
  1428 | D        | Killed an earth elemental
  1428 | D        | Reached XP level 9. HP: 60/60 MP: 9/9
  1436 | D        | Noticed a centaur
  1436 | D        | Noticed a centaur warrior
  1436 | D        | Noticed a centaur
  1453 | D        | Shot with an arrow by a centaur

Vault maps used:
D:        dungeon_sprint_mu

Action                   |  1- 3 |  4- 6 |  7- 9 || total
-------------------------+-------+-------+-------++-------
Melee: Mace              |    36 |    26 |    59 ||   121
Invok: Berserk           |     1 |     3 |     5 ||     9
       Brothers in Arms  |       |     2 |     2 ||     4
       Burn Spellbooks   |       |     1 |       ||     1
       Trog's Hand       |       |     1 |     1 ||     2
  Use: Potion            |       |     3 |     2 ||     5
       Scroll            |       |     3 |       ||     3
 Stab: Sleeping          |     1 |       |       ||     1
  Eat: Bread ration      |       |     1 |       ||     1
       Chunk             |       |       |     2 ||     2
       Meat ration       |       |       |     1 ||     1
       Royal jelly       |       |       |     1 ||     1
       Pizza             |       |       |     1 ||     1
